 Dungeon Crawl Stone Soup version 0.31-a0-968-g24f9ace8b5 (webtiles) character file.

Game seed: 17345439464851152788

14 Xavori the Trooper (level 2, -1/25 HPs)
             Began as a Djinni Chaos Knight on Oct 27, 2023.
             Was a Plaything of Xom.
             Slain by a hobgoblin (2 damage)
             ... on level 1 of the Dungeon.
             The game lasted 00:00:20 (270 turns).

Xavori the Trooper (Djinni Chaos Knight)             Turns: 270, Time: 00:00:21

Health: -1/25      AC:  6    Str: 11    XL:     2   Next: 55%
Gold:   14         EV: 11    Int: 13    God:    Xom [..*...] SH:  0 Dex: 12

rFire   + + .        a - +0 falchion (chaos)
rCold   x . .        (no shield)
rNeg    . . .        b - +2 leather armour
rPois   ∞            (no helmet)
rElec   .            d - +0 cloak
rCorr   .            (no gloves)
SInv    .            (boots unavailable)
Will    .....        (no amulet)
Stlth   +            (no ring)
HPRegen 0.24/turn    (no ring)
MPRegen 0.00/turn

%: infuse magic (-2 HP)
@: flying
A: sickness immunity, fire resistance 2, cold vulnerability 1, float, innate
caster, HP casting, extra vitality 1
a: Renounce Religion


You were on level 1 of the Dungeon.
You worshipped Xom.
You were a toy of Xom.
You visited 1 branch of the dungeon, and saw 1 of its levels.

You collected 14 gold pieces.

Inventory:

Hand Weapons
 a - a +0 falchion of chaos (weapon)
Armour
 b - a +2 leather armour (worn)
 d - a +0 cloak (worn)
Scrolls
 c - a scroll of butterflies


   Skills:
 + Level 3.1 Fighting
 + Level 2.8 Long Blades
 + Level 1.2 Armour
 + Level 2.3 Dodging
 * Level 0.4 Spellcasting
 * Level 0.4 Conjurations
 * Level 0.4 Hexes
   Level 0.0 Charms
 * Level 0.4 Summonings
 * Level 0.4 Necromancy
 * Level 0.4 Translocations
 * Level 0.4 Transmutations
 * Level 0.4 Fire Magic
 * Level 0.4 Ice Magic
 * Level 0.4 Air Magic
 * Level 0.4 Earth Magic
 * Level 0.4 Poison Magic You didn't know any spells. Your spell library was empty.

Dungeon Overview and Level Annotations

Branches:
Dungeon (1/15)

Altars:


Innate Abilities, Weirdness & Mutations

You are immune to sickness and miasma.
You are immune to poison.
Your flesh is very heat resistant. (rF++)
You are vulnerable to cold. (rC-)
You float through the air rather than walking.
You learn spells naturally, not from books.
Your magical power is your life essence.
You have superior vitality. (+4 MHP)


Message History

You closely miss the goblin. The rat closely misses you.
The goblin barely misses you.
You miss the goblin. The goblin hits you but does no damage. The rat bites you.
You are too injured to fight recklessly!
You are too injured to fight recklessly!
The rat twitches its whiskers.
You are too injured to fight recklessly!
You barely miss the goblin. The goblin hits you with a +0 dagger.
You are too injured to fight recklessly!
You closely miss the goblin. The goblin misses you.
You are too injured to fight recklessly!
You closely miss the goblin. The goblin hits you but does no damage.
A hobgoblin comes into view.
You are too injured to fight recklessly!
The hobgoblin shouts!
The hobgoblin hits you.
* * * LOW HITPOINT WARNING * * *
The rat barely misses you. The goblin closely misses you.
You are too injured to fight recklessly!
You barely miss the rat.
The hobgoblin hits you but does no damage.
The rat barely misses you. The goblin hits you but does no damage.
You hit the rat but do no damage.
The rat resists with some effort.
The hobgoblin hits you.
* * * LOW HITPOINT WARNING * * *
The rat barely misses you. The goblin barely misses you.
You are too injured to fight recklessly!
You barely miss the hobgoblin. The hobgoblin closely misses you.
The rat bites you but does no damage. The goblin hits you but does no damage.
You closely miss the hobgoblin. The hobgoblin misses you.
The rat bites you but does no damage. The goblin barely misses you.
Unknown command.
You hit the hobgoblin. You freeze the hobgoblin.
The hobgoblin is moderately wounded.
The hobgoblin hits you.
* * * LOW HITPOINT WARNING * * *
The rat barely misses you. The goblin hits you but does no damage.
The hobgoblin hits you.
You die... "Huh?
Did I miss anything?"

...... ####.$...
#.......#
#.......##
#........#
#..?...†.#
#.....†..######
####+#rg......#
#####+#@##.....#
......g.##.....#
............)..#
.........)##+###
...............#
..#+#.#....###...
. +....†.......
..#.#..###.###.#
...#..........#


You could see a hobgoblin, a goblin and a rat.

Vanquished Creatures
  A bat (D:1)
  An endoplasm (D:1)
  A goblin (D:1)
  4 jackals (D:1)
  A kobold (D:1)
  A quokka (D:1)
  A frilled lizard (D:1)
  A rat (D:1)
11 creatures vanquished.

Notes
Turn   | Place    | Note
-------+----------+-------------------------------------------
     0 | D:1      | Xavori the Djinni Chaos Knight began the quest for the Orb.
     0 | D:1      | Reached XP level 1. HP: 20/20 MP: 0/0
   204 | D:1      | Reached XP level 2. HP: 23/25 MP: 0/0
   270 | D:1      | HP: 1/25 [hobgoblin (3)]
   270 | D:1      | Slain by a hobgoblin

Illustrated notes

Levels and vault maps discovered:
D:1:      noname_arrival_rooms_in_the_neighbourhood, layout_basic

Action                     || total
---------------------------++-------
  Melee: Falchion          ||    51
         Punch             ||     1
   Stab: Sleeping          ||     1
 Armour: Leather armour    ||    66
  Dodge: Dodged            ||    74

Table legend: (Time is in decaauts)
 A = Elapsed time spent in this place.
 B = Non-inter-level travel time spent in this place.
 C = Inter-level travel time spent in this place.
 D = Time resting spent in this place.
 E = Time spent auto-exploring this place.
 F = Levels seen in this place.
 G = Mean time per level.
                   A        B        C        D        E       F      G
               +--------+--------+--------+--------+--------+-----+--------+
         Total |    277 |    228 |     49 |      0 |    135 |   1 |  277.0 |
       Dungeon |    277 |    228 |     49 |      0 |    135 |   1 |  277.0 |
               +--------+--------+--------+--------+--------+-----+--------+

Top non-repeatable levels by time:
     D:1: 277 daAuts
